 Dungeon Crawl Stone Soup version 0.19.1-1-g22dce08 (webtiles) character file.

325 plheum the Ruffian (level 6, 0/39 HPs)
             Began as a Kobold Berserker on Jan 7, 2017.
             Was a Believer of Trog.
             Slain by a worker ant (1 damage)
             ... on level 4 of the Dungeon.
             The game lasted 00:29:01 (2335 turns).

plheum the Ruffian (Kobold Berserker)               Turns: 2335, Time: 00:29:02

Health: 0/39       AC:  9    Str: 16    XL:     6   Next: 78%
Magic:  6/6        EV: 10    Int:  8    God:    Trog [**....]
Gold:   134        SH:  0    Dex: 15    Spells: 0 memorised, 5 levels left

rFire  . . .     SeeInvis .       - Unarmed
rCold  . . .     Gourm    .     k - +0 chain mail
rNeg   . . .     Faith    .     (shield restricted)
rPois  .         Spirit   .     f - +0 helmet
rElec  .         Reflect  .     (no cloak)
rCorr  .         Harm     .     (no gloves)
MR     .....                    (no boots)
Stlth  ..........               (no amulet)
                                (no ring)
                                (no ring)

@: exhausted, slowed, very slow
A: carnivore 3
a: Berserk, Trog's Hand, Burn Spellbooks, Renounce Religion


You were on level 4 of the Dungeon.
You worshipped Trog.
Trog was pleased with you.
You were completely stuffed.

You visited 1 branch of the dungeon, and saw 4 of its levels.

You collected 134 gold pieces.

Inventory:

Hand Weapons
 g - a +0 hunting sling
 i - a +0 dagger
 j - a +2 short sword of draining
 l - a +0 dagger
 o - a +0 short sword
 u - a cursed -3 short sword
 z - a +0 hunting sling
 B - a cursed -2 blowgun
 C - a +2 dagger of speed
 E - a +0 dagger
 H - a +0 dagger
 J - a +0 short sword
Missiles
 e - 128 stones (quivered)
 A - 26 arrows
 G - 19 bolts
 I - 16 poisoned needles
Armour
 a - a +0 animal skin
 f - a +0 helmet (worn)
 k - a +0 chain mail (worn)
 D - a +0 robe
 K - a +0 ring mail
Magical Staves
 x - a cursed staff of cold {unknown}
Scrolls
 d - 3 scrolls of identify {unknown}
 m - a scroll of fog {unknown}
 n - 3 scrolls of remove curse {unknown}
 p - a scroll of blinking {unknown}
 w - a scroll of amnesia {unknown}
 y - 3 scrolls of noise {unknown}
Potions
 c - a potion of flight {unknown}
 h - a potion of curing
 q - a potion of haste {unknown}
 s - a potion of cancellation {unknown}
 F - a potion of heal wounds {unknown}
Comestibles
 b - a meat ration
 r - 4 fruits
 t - a bread ration
 v - a beef jerky


   Skills:
 * Level 4.6 Fighting
 + Level 2.4 Armour
 + Level 3.4 Dodging
 + Level 5.5 Unarmed Combat


You had 5 spell levels left.
You didn't know any spells.

Dungeon Overview and Level Annotations

Branches:
Dungeon (4/15)
 Temple: D:4-7

Altars:
Kikubaaqudgha
Qazlal
Ru


Innate Abilities, Weirdness & Mutations

You are small and have problems with some larger weapons.
You are carnivorous and can eat meat at any time.


Message History

You barely miss the iguana. The iguana bites you!
* * * LOW HITPOINT WARNING * * *
You punch the iguana!
The iguana is heavily wounded.
The iguana barely misses you.
You punch the iguana!
You kill the iguana!
Trog accepts your kill.
The worker ant bites you but does no damage.
You punch the worker ant!
The worker ant is heavily wounded.
The worker ant barely misses you. x2
You closely miss the worker ant.
The worker ant is heavily wounded.
The worker ant bites you.
* * * LOW HITPOINT WARNING * * *
You hit the worker ant.
The worker ant is almost dead.
The worker ant bites you.
You die...

.......$.........
...............(. .
.!.........).......
............(......
...................
............##.....
......!........#
........$..<.##
......#+#†@...#
....) #.a.#.# ...l
#.%.#... ...
.......## ..
.......## .
.......## .....####
.####.. .. .a#


You could see a worker ant.

Vanquished Creatures
  The ghost of VictoriousLee the Conjurer, an amateur DsCj (D:3)
  2 iguanas (D:4)
  An orc wizard (D:3)
  2 worker ants (D:4)
  3 adders
  2 oozes (D:1)
  A leopard gecko (D:2)
  3 orcs (D:3)
  3 giant cockroaches
  2 goblins
  8 hobgoblins
  4 jackals (D:2)
  2 quokkas (D:2)
  2 bats
  2 frilled lizards
  8 kobolds
  4 rats
  2 rat zombies (D:3)
52 creatures vanquished.

Notes
Turn   | Place    | Note
-------+----------+-------------------------------------------
     0 | D:1      | plheum the Kobold Berserker began the quest for the Orb.
     0 | D:1      | Reached XP level 1. HP: 14/14 MP: 1/1
   593 | D:1      | Reached XP level 2. HP: 15/19 MP: 2/2
   893 | D:1      | Reached XP level 3. HP: 20/24 MP: 3/3
  1357 | D:2      | Noticed an earth elemental
  1359 | D:2      | Found a stormy altar of Qazlal.
  1364 | D:2      | Noticed an air elemental
  1364 | D:2      | Noticed a fire elemental
  1364 | D:2      | Noticed a water elemental
  1514 | D:2      | Reached XP level 4. HP: 29/29 MP: 4/4
  1515 | D:2      | Found a sacrificial altar of Ru.
  1769 | D:3      | Found an ancient bone altar of Kikubaaqudgha.
  1876 | D:3      | Noticed VictoriousLee's ghost (amateur DsCj)
  1893 | D:3      | Killed VictoriousLee's ghost
  1893 | D:3      | Reached skill level 4 in Unarmed Combat
  1893 | D:3      | Reached XP level 5. HP: 34/34 MP: 5/5
  1931 | D:3      | Reached ** piety under Trog
  1931 | D:3      | Reached XP level 6. HP: 39/39 MP: 6/6
  1939 | D:3      | Reached skill level 5 in Unarmed Combat
  2334 | D:4      | HP: 1/39 [worker ant (2)]
  2335 | D:4      | Slain by a worker ant

Skill      XL: |  1  2  3  4  5  6 |
---------------+-------------------+-----
Fighting       | 4 |  4.6
Dodging        | 3 |  3.4
Armour         | 2 |  2.4
Unarmed Combat | 4 5 |  5.5

Action                   |  1- 3 |  4- 6 || total
-------------------------+-------+-------++-------
Melee: Unarmed           |   126 |    99 ||   225
       Punch             |     1 |       ||     1
Invok: Berserk           |     3 |     3 ||     6
  Use: Potion            |       |     2 ||     2
 Stab: Sleeping          |     1 |       ||     1
  Eat: Chunk             |     1 |     9 ||    10
       Meat ration       |     1 |     1 ||     2
Armor: Animal skin       |     4 |       ||     4
       Chain mail        |    45 |    53 ||    98
Dodge: Dodged            |    85 |    56 ||   141
